 Dungeon Crawl Stone Soup version 0.31-a0-1074-g0b22e4e0f1 (webtiles) character file.

Game seed: 1039508286434717123

16522 gelatine the Cleaver (level 12, -9/92 HPs)
             Began as a Demonspawn Fighter on Nov 30, 2023.
             Mangled by a jumping spider (14 damage)
             ... on level 1 of the Spider Nest on Dec 1, 2023.
             The game lasted 00:40:47 (11680 turns).

gelatine the Cleaver (Demonspawn Fighter)          Turns: 11680, Time: 00:40:48

Health: -9/92      AC:  9    Str: 19    XL:     12   Next: 10%
Magic:  30/30      EV:  7    Int: 17    God:
Gold:   681        SH:  0    Dex: 15    Spells: 18/22 levels left

rFire   . . .        p - +2 broad axe (vamp)
rCold   . . .        c - +0 buckler
rNeg    + . .        J - +0 troll leather armour
rPois   .            v - +3 hat of Pondering {ponderous, Will+ MP+10 Int+5}
rElec   .            (cloak unavailable)
rCorr   +            h - +1 pair of gloves
SInv    +            (no boots)
Will    +....        t - amulet of reflection
Stlth   +++          i - ring of see invisible
HPRegen 1.15/turn    y - ring "Xugas" {rN+ rCorr}
MPRegen 0.22/turn

%: reflection
@: held, slow
A: thin skeletal structure 1, demonic guardian 1, demonic magic 2, weakness
stinger 3
a: no special abilities


You were on level 1 of the Spider Nest.
You visited 4 branches of the dungeon, and saw 14 of its levels.
You also visited: Ossuary.

You collected 681 gold pieces.

Inventory:

Hand Weapons
 a - a +0 war axe
 p - a +2 vampiric broad axe (weapon)
 w - a +0 war axe of electrocution
Missiles
 K - 2 atropa-tipped darts (quivered)
 O - 3 javelins
Armour
 b - a +0 scale mail
 c - a +0 buckler (worn)
 h - a +1 pair of gloves (worn)
 s - a +0 helmet
 v - the +3 hat of Pondering (worn) {ponderous, Will+ MP+10 Int+5}
   (You took it off Gastronok on level 1 of the Lair of Beasts)

   Int+5:     It affects your intelligence (+5).
   Will+:     It increases your willpower.
   MP+10:     It affects your magic capacity (+10).
 A - a +0 robe of willpower
 F - a +2 cloak
 J - a +0 troll leather armour (worn)
Jewellery
 i - a ring of see invisible (left hand)
 r - a ring of flight
 t - an amulet of reflection (around neck)
 x - a ring of resist corrosion
 y - the ring "Xugas" (right hand) {rN+ rCorr}
   (You found it on level 8 of the Dungeon)

   [ring of positive energy]

   rN+:       It protects you from negative energy.
   rCorr:     It protects you from acid and corrosion.
Wands
 o - a wand of polymorph (4)
 H - a wand of charming (10)
 N - a wand of digging (4)
Scrolls
 f - 2 scrolls of fog
 l - 3 scrolls of vulnerability
 q - 2 scrolls of fear
 G - a scroll of blinking
 I - 2 scrolls of amnesia
 L - a scroll of teleportation
 P - a scroll of brand weapon
 Q - a scroll of poison
Potions
 d - a potion of might
 e - a potion of berserk rage
 g - 3 potions of curing
 j - a potion of heal wounds
 k - a potion of invisibility
 n - 2 potions of enlightenment
 u - a potion of magic
 z - 3 potions of mutation
 B - a potion of attraction {unknown}
 C - a potion of ambrosia
 D - a potion of resistance
 E - a potion of cancellation
 M - a potion of brilliance


   Skills:
 * Level 7.7 Fighting
 * Level 9.6 Axes
 + Level 0.2 Throwing
 * Level 6.4 Armour
 * Level 6.2 Dodging
 * Level 3.0 Stealth
 * Level 6.8 Shields
 + Level 5.7 Spellcasting
 * Level 2.7 Conjurations
 * Level 2.4 Translocations
 + Level 6.2 Evocations


You had 18 spell levels left.
You knew the following spells:

 Your Spells              Type           Power      Damage    Failure   Level
a - Iskenderun's Mystic   Conj/Tloc      13%        2d5       54%         4

Your spell library contained the following spells:

 Spells                   Type           Power      Damage    Failure   Level
 Momentum Strike          Conj/Tloc      26%        3d8       10%         2
 Blink                    Tloc           26%        N/A       11%         2
 Lesser Beckoning         Tloc           26%        N/A       11%         2
 Summon Small Mammal      Summ           16%        N/A       19%         1
 Dazzling Flash           Conj/Hex       18%        N/A       32%         3
 Volatile Blastmotes      Fire/Tloc      18%        2d11      34%         3
 Call Canine Familiar     Summ           4%         N/A       50%         3
 Summon Guardian Golem    Hex/Summ       4%         N/A       50%         3
 Tukima's Dance           Hex            4%         N/A       50%         3
 Passage of Golubria      Tloc           13%        N/A       56%         4
 Dimensional Bullseye     Hex/Tloc       4%         N/A       75%         4
 Yara's Violent Unravell  Hex/Tmut       2%         3d3       99%         5
 Starburst                Conj/Fire      4%         6d4       100%        6
 Maxwell's Capacitive Co  Air            2%         ∞         100%        8


Dungeon Overview and Level Annotations

Branches:
Dungeon (10/15)            Temple (1/1) D:7            Lair (2/5) D:9
 Spider (1/4) Lair:2      Ossuary (visited)
  Swamp: Lair:2-3    Shoals: Lair:2-3       Orc: D:9-12

Altars:
Ashenzari
Cheibriados
Dithmenos
Fedhas
Gozag
Hepliaklqana
Kikubaaqudgha
Makhleb
Nemelex Xobeh
Okawaru
Qazlal
Ru
Sif Muna
Trog
Uskayaw
Vehumet
Wu Jian
Yredelemnul

Shops:
D:2 [   D:6 !   D:8 =

Annotations:
D:4 1 runed translucent door, Dittersdorf's ghost, amateur GrFi


Innate Abilities, Weirdness & Mutations

You have a somewhat thin skeletal structure. (Dex +2, Stealth+)
A weak demonic guardian rushes to your aid.
Spells you cast may paralyse nearby enemies.
You have a sharp stinger which inflicts weakening toxins.


Message History

The culicivora is severely wounded.
You slash the culicivora!
You feel better.
The jumping spider leaps!
You block the culicivora's attack. The culicivora bites you.
The culicivora draws strength from your injuries!
The jumping spider leaps!
You slash the culicivora! You tail-slap the culicivora.
The culicivora is almost dead.
You barely miss the culicivora.
The culicivora chitters at the culicivora.
The culicivora is healed somewhat.
You block the culicivora's attack. The culicivora barely misses you.
The culicivora bites you!
The culicivora draws strength from your injuries!
You barely miss the culicivora.
The culicivora is almost dead.
You slash the culicivora!
You feel better. The culicivora bites you!
The culicivora draws strength from your injuries!
The culicivora bites you.
The jumping spider leaps!
The culicivora chitters at the culicivora.
The culicivora is healed somewhat.
The culicivora bites you!!
* * * LOW HITPOINT WARNING * * *
The culicivora draws strength from your injuries!
You block the jumping spider's attack. The jumping spider misses you.
You slash the culicivora!
You feel better.
You kill the culicivora!
You slash the jumping spider! You miss the culicivora.
The culicivora chitters at the jumping spider.
The jumping spider is healed somewhat.
The jumping spider pounces on you!
* * * LOW HITPOINT WARNING * * *
A demonic guardian appears!
You are caught in a web!
The jumping spider bites you but does no damage.
You feel much better. The culicivora bites you!
* * * LOW HITPOINT WARNING * * *
The culicivora draws strength from your injuries!
The jumping spider pounces on you but does no damage.
The jumping spider bites you but does no damage.
The culicivora bites you.
* * * LOW HITPOINT WARNING * * *
The culicivora draws strength from your injuries!
The jumping spider pounces on you!
You die...

###
.#..#
.^..#
#...###
....4#
##.s##
#..<@#
#..s##
###..
#s..
##s..
#...
##..
..#


You could see an orb spider, a culicivora, a jumping spider (ally target) and a
friendly rust devil (summoned).

Vanquished Creatures
  Gastronok (Lair:1)
  A boulder beetle (D:9)
  A two-headed ogre (D:9)
  Amaemon (Lair:1)
  An ugly thing (D:10)
  An oklob plant (Lair:1)
  Maurice (D:8)
  5 cane toads
  An orange demon (Lair:1)
  A rime drake (Lair:1)
  2 komodo dragons
  A troll (D:9)
  4 blink frogs (Lair:2)
  6 dream sheep (Lair:1)
  A culicivora (Spider:1)
  Sigmund (D:2)
  2 wraiths
  A wyvern (D:9)
  A human (shapeshifter) (D:10)
  4 yaks (Lair:2)
  Grum (D:9)
  A steam dragon (D:6)
  A basilisk (Lair:1)
  2 wargs (D:9)
  An acid dragon (D:9)
  3 water moccasins
  3 orc warriors
  2 ice beasts
  9 wolves
  4 centaurs
  A phantom (D:5)
  10 bullfrogs
  4 scorpions
  9 killer bees (D:8)
  9 jellies
  4 hounds
  7 orc priests
  3 iguanas (D:5)
  14 orc wizards
  2 hound zombies (D:3)
  2 mummies
  Robin (D:3)
  10 gnolls
  9 adders
  2 shadow imps
  2 ufetubi (D:6)
  4 dart slugs
  29 orcs
  A bat (D:1)
  17 endoplasms
  2 giant cockroaches (D:1)
  7 goblins
  8 hobgoblins
  2 quokkas
  3 ball pythons
  A frilled lizard (D:3)
  7 gnoll skeletons (Ossuary)
  A goblin zombie (D:8)
  A hobgoblin zombie (D:8)
  5 kobolds
  7 kobold skeletons (Ossuary)
  11 orc skeletons (Ossuary)
  5 rats (D:2)
264 creatures vanquished.

Vanquished Creatures (collateral kills)
  A boulder beetle (Lair:1)
  A black mamba (Lair:1)
  A blink frog (Lair:2)
  A water moccasin (Lair:1)
  An orc priest (D:8)
  2 endoplasms (Lair:1)
7 creatures vanquished.

Grand Total: 271 creatures vanquished

Notes
Turn   | Place    | Note
-------+----------+-------------------------------------------
     0 | D:1      | gelatine the Demonspawn Fighter began the quest for the
                  | Orb.
     0 | D:1      | Reached XP level 1. HP: 18/18 MP: 1/1
   181 | D:1      | Gained mutation: You have a somewhat thin skeletal
                  | structure. (Dex +2, Stealth+) [demonic ancestry]
   181 | D:1      | Reached XP level 2. HP: 23/24 MP: 2/2
   520 | D:1      | Reached skill level 2 in Axes
   724 | D:2      | Noticed Sigmund
   929 | D:2      | Gained mutation: Spells you cast may paralyse adjacent
                  | enemies. [demonic ancestry]
   929 | D:2      | Reached XP level 3. HP: 29/29 MP: 3/3
  1181 | D:2      | Found Gonaeg's Antique Armour Boutique.
  1327 | D:3      | Reached skill level 1 in Dodging
  1327 | D:3      | Gained mutation: Spells you cast may paralyse nearby
                  | enemies. [demonic ancestry]
  1327 | D:3      | Reached XP level 4. HP: 30/35 MP: 4/4
  1345 | D:3      | Found a basalt altar of Yredelemnul.
  1509 | D:3      | Found a blossoming altar of Fedhas.
  1534 | D:3      | Reached skill level 1 in Spellcasting
  1641 | D:3      | Found a faded altar of an unknown god.
  1660 | D:3      | Gained mutation: You have a small tail. [demonic ancestry]
  1660 | D:3      | Reached XP level 5. HP: 41/41 MP: 7/7
  1716 | D:3      | Found a hide-covered altar of Uskayaw.
  1871 | D:3      | Found an iron altar of Okawaru.
  1944 | D:3      | Noticed Robin
  1956 | D:3      | Killed Robin
  2292 | D:2      | Killed Sigmund
  2293 | D:2      | Reached skill level 3 in Axes
  2293 | D:2      | Reached skill level 1 in Evocations
  2293 | D:2      | Reached XP level 6. HP: 42/48 MP: 8/8
  2418 | D:4      | Found an ornate altar of the Wu Jian Council.
  2526 | D:4      | Noticed Dittersdorf's ghost (amateur GrFi)
  2546 | D:4      | Found a runed translucent door.
  3014 | D:5      | Entered Level 5 of the Dungeon
  3172 | D:5      | Reached XP level 7. HP: 48/54 MP: 10/10
  3418 | D:5      | Reached skill level 4 in Axes
  3628 | D:6      | Noticed a steam dragon
  3645 | D:6      | Killed a steam dragon
  4010 | D:6      | Gained mutation: A weak demonic guardian rushes to your
                  | aid. [demonic ancestry]
  4010 | D:6      | Reached XP level 8. HP: 61/61 MP: 12/12
  4398 | D:6      | Found Byppayf's Distillery.
  4436 | D:7      | Reached skill level 5 in Fighting
  4436 | D:7      | Reached skill level 5 in Axes
  5011 | D:7      | Reached XP level 9. HP: 34/68 MP: 14/14
  5148 | D:7      | Found a staircase to the Ecumenical Temple.
  5157 | Temple   | Entered the Ecumenical Temple
  5380 | D:8      | Found a sparkling altar of Nemelex Xobeh.
  5478 | D:8      | Noticed Maurice
  5773 | D:8      | Identified the ring "Xugas" {rN+ rCorr}
  5811 | D:8      | Found a sand-covered staircase.
  5832 | Ossuary  | Entered an ossuary
  5925 | Ossuary  | Reached skill level 5 in Shields
  6152 | D:8      | Found a shadowy altar of Dithmenos.
  6161 | D:8      | Reached skill level 6 in Axes
  6273 | D:8      | Found Aseutu's Jewellery Boutique.
  6334 | D:8      | Maurice stole the ring "Xugas" {rN+ rCorr}
  6338 | D:8      | Maurice stole 3 javelins
  6339 | D:8      | Maurice stole a +0 war axe
  6347 | D:8      | Killed Maurice
  6847 | D:9      | Reached skill level 5 in Armour
  6909 | D:9      | Noticed Grum
  6916 | D:9      | Reached skill level 5 in Evocations
  6927 | D:9      | HP: 2/69 [wolf[Grum] (7)]
  6936 | D:9      | Killed Grum
  6937 | D:9      | Gained mutation: You have a tail ending in a sharp stinger.
                  | [demonic ancestry]
  6937 | D:9      | Reached XP level 10. HP: 12/76 MP: 15/17
  7264 | D:9      | Noticed a boulder beetle
  7285 | D:9      | Killed a boulder beetle
  7368 | D:9      | Noticed a two-headed ogre
  7375 | D:9      | Killed a two-headed ogre
  7376 | D:9      | Reached skill level 5 in Spellcasting
  7402 | D:9      | Found a staircase to the Lair.
  7409 | D:9      | Reached skill level 1 in Stealth
  7411 | D:9      | Reached skill level 7 in Axes
  7839 | D:9      | Found a shimmering altar of Xom.
  7839 | D:9      | Found a shimmering altar of Xom.
  7841 | D:9      | Found a shimmering altar of Xom.
  7841 | D:9      | Found a shimmering altar of Xom.
  7841 | D:9      | Found a shimmering altar of Xom.
  7842 | D:9      | Found a shimmering altar of Xom.
  7843 | D:9      | Found a shimmering altar of Xom.
  7897 | D:9      | Reached skill level 5 in Dodging
  8276 | D:10     | Entered Level 10 of the Dungeon
  8836 | D:10     | Noticed a cyclops
  8864 | D:10     | Noticed a cyan ugly thing
  8881 | D:10     | Killed a cyan ugly thing
  8882 | D:10     | Noticed a cyclops
  9075 | D:10     | a cyclops changed into a goliath frog
  9075 | D:10     | Noticed a goliath frog (shapeshifter)
  9338 | Lair:1   | Entered Level 1 of the Lair of Beasts
  9349 | Lair:1   | Noticed Gastronok
  9372 | Lair:1   | Killed Gastronok
  9373 | Lair:1   | Gained mutation: You have a sharp stinger which inflicts
                  | weakening toxins. [demonic ancestry]
  9373 | Lair:1   | Reached XP level 11. HP: 14/83 MP: 19/19
  9458 | Lair:1   | HP: 2/83 [komodo dragon (24)]
  9655 | D:9      | Learned a level 4 spell: Iskenderun's Mystic Blast
  9809 | Lair:1   | Noticed a boulder beetle
  9840 | Lair:1   | Killed a boulder beetle
  9841 | Lair:1   | Reached skill level 8 in Axes
  9928 | Lair:1   | Reached skill level 1 in Conjurations
  9980 | Lair:1   | Reached skill level 1 in Translocations
 10321 | Lair:1   | Noticed an oklob plant
 10374 | Lair:1   | Killed an oklob plant
 10489 | Lair:1   | Noticed Amaemon
 10519 | Lair:1   | Killed Amaemon
 10520 | Lair:1   | Reached skill level 9 in Axes
 11008 | Lair:2   | Found a hole to the Spider Nest.
 11080 | Lair:2   | Reached XP level 12. HP: 63/91 MP: 20/20
 11182 | Lair:2   | Noticed a five-headed hydra
 11668 | Spider:1 | Entered Level 1 of the Spider Nest
 11679 | Spider:1 | HP: 2/91 [jumping spider (13)]
 11680 | Spider:1 | Mangled by a jumping spider

Illustrated notes

Levels and vault maps discovered:
D:1:      elethiomel_arrival_fortress_basement, layout_rooms
D:2:      layout_basic, serial_shops, nicolae_shop_just_a_little_nook,
          uniq_sigmund
D:3:      layout_basic, okawaru_trees_1, lemuel_zombie_altar_yredelemnul,
          nicolae_uskayaw_murder_on_the_dancefloor, fedhas_ov_isle_minmay,
          hellmonk_ecumenical_altar_heavens_door, uniq_robin
D:4:      layout_loops_ring, nzn_wu_jian_contemplation,
          hellmonk_ghost_happy_afterlife, serial_bayou_pond_a
D:5:      layout_rooms
D:6:      layout_loops_ring, serial_shops, shop
D:7:      layout_rooms, minmay_temple_entry_poolview, serial_corexii_hall,
          corexii_hall_statues_x, chequers_hall_statues_wall_a,
          corexii_hall_statues_s
D:8:      layout_basic, nemelex_spade_bored_becter,
          nicolae_dithmenos_through_a_glass_darkly, nicolae_ossuary_entry_giza,
          serial_shops, shop, uniq_maurice
D:9:      layout_cave_pods, xom_shifter_show, erik_lair_orcish_takeover,
          kennysheep_windowed_goal, uniq_grum
D:10:     minmay_blocky_corners, layout_cave_pods
Temple:   nicolae_temple_superstar
Lair:1:   lemuel_slime, layout_gridlike, lemuel_fruit_tree, uniq_gastronok,
          uniq_amaemon
Lair:2:   layout_small_grid, dummy_spider_entry
Spider:1: layout_spider_delve, nicolae_spider_webbed_stairs, uniq_roxanne

Skill      XL: |  1  2  3  4  5  6  7  8  9 10 11 12 |
---------------+-------------------------------------+-----
Axes           | 2 3 4 5 6 7 9 |  9.6
Shields        | 3 4 5 6 |  6.8
Armour         | 3 4 5 6 |  6.4
Dodging        | 1 2 3 4 5 6 |  6.2
Spellcasting   | 1 2 3 4 5 |  5.7
Evocations     | 1 2 3 5 6 |  6.2
Fighting       | 4 5 6 7 |  7.7
Stealth        | 1 2 3 |  3.0
Conjurations   | 2 |  2.7
Translocations | 2 |  2.4
Throwing       | |  0.2

Action                     |  1- 3 |  4- 6 |  7- 9 | 10-12 || total
---------------------------+-------+-------+-------+-------++-------
  Melee: War axe           |    69 |    93 |   316 |    68 ||   546
         Tailslap          |       |     5 |    42 |    65 ||   112
         Broad axe         |       |       |       |   289 ||   289
  Throw: Dart              |       |       |       |     8 ||     8
         Javelin           |       |       |       |     3 ||     3
  Evoke: Wand              |       |     3 |    29 |    29 ||    61
    Use: Potion            |       |     1 |     7 |    10 ||    18
         Scroll            |       |    10 |    11 |     8 ||    29
   Stab: Distracted        |       |       |       |     1 ||     1
         Sleeping          |       |       |       |     3 ||     3
 Armour: Scale mail        |    48 |    53 |   272 |    89 ||   462
         Troll leather arm |       |       |       |   163 ||   163
  Dodge: Dodged            |    31 |    47 |   174 |   201 ||   453
  Block: Buckler           |    15 |    31 |   215 |   203 ||   464
         Reflection        |       |       |     4 |     2 ||     6

Table legend: (Time is in decaauts)
 A = Elapsed time spent in this place.
 B = Non-inter-level travel time spent in this place.
 C = Inter-level travel time spent in this place.
 D = Time resting spent in this place.
 E = Time spent auto-exploring this place.
 F = Levels seen in this place.
 G = Mean time per level.
                   A        B        C        D        E       F      G
               +--------+--------+--------+--------+--------+-----+--------+
         Total |  12043 |  11418 |    625 |      0 |   8426 |  15 |  802.9 |
       Dungeon |   9444 |   8918 |    526 |      0 |   6910 |  10 |  944.4 |
        Temple |     66 |      1 |     65 |      0 |      0 |   1 |   66.0 |
          Lair |   2289 |   2255 |     34 |      0 |   1443 |   2 | 1144.5 |
   Spider Nest |     13 |     13 |      0 |      0 |      0 |   1 |   13.0 |
       Ossuary |    229 |    229 |      0 |      0 |     73 |   1 |  229.0 |
               +--------+--------+--------+--------+--------+-----+--------+

Top non-repeatable levels by time:
     D:9: 2107 daAuts
  Lair:1: 1368 daAuts
     D:7: 1116 daAuts
     D:3: 1055 daAuts
     D:8: 1042 daAuts
  Lair:2: 921 daAuts
     D:6: 876 daAuts
     D:2: 697 daAuts
     D:1: 676 daAuts
    D:10: 648 daAuts
     D:4: 645 daAuts
     D:5: 578 daAuts
 Ossuary: 229 daAuts
  Temple: 66 daAuts
Spider:1: 13 daAuts
